 Dungeon Crawl Stone Soup version 0.31.0-7-gf635a9b802 (webtiles) character file.

Game seed: 3110279424238409903

51 Arctor the Vexing (level 4, 0/26 HPs)
             Began as a Kobold Hexslinger on Jan 23, 2024.
             Slain by a cerulean imp
             ... wielding a +2 spear
             ... summoned by Natasha
              (5 damage)
             ... on level 2 of the Dungeon.
             The game lasted 00:02:03 (959 turns).

Arctor the Vexing (Kobold Hexslinger)                Turns: 959, Time: 00:02:04

Health: 0/26       AC:  2    Str:  5    XL:     4   Next: 7%
Magic:  0/6        EV: 15    Int: 14    God:
Gold:   76         SH:  0    Dex: 19    Spells: 6/6 levels left

rFire   . . .        a - +1 sling
rCold   . . .        (no shield)
rNeg    . . .        c - +0 robe
rPois   .            (no helmet)
rElec   .            (no cloak)
rCorr   .            (no gloves)
SInv    .            (no boots)
Will    .....        d - amulet of guardian spirit
Stlth   +++          (no ring)
HPRegen 0.24/turn    (no ring)
MPRegen 0.10/turn

%: guardian spirit
@: brilliant, lethally poisoned (0 -> -6)
A: small, no large weapons, nightstalker 3
a: no special abilities


You were on level 2 of the Dungeon.
You visited 1 branch of the dungeon, and saw 2 of its levels.

You collected 76 gold pieces.

Inventory:

Hand Weapons
 a - a +1 sling (weapon)
Armour
 c - a +0 robe (worn)
Jewellery
 d - an amulet of guardian spirit (around neck)
Scrolls
 b - a scroll of poison
 e - a scroll of enchant weapon {unknown}
Potions
 g - a potion of curing {unknown}


   Skills:
 + Level 1.8 Fighting
 + Level 3.3 Ranged Weapons
 + Level 2.9 Dodging
 + Level 1.7 Spellcasting
 + Level 3.3 Hexes
 + Level 1.5 Fire Magic


You had 6 spell levels left.
You didn't know any spells.
Your spell library contained the following spells:

 Spells                   Type           Power      Damage    Failure   Level
 Jinxbite                 Hex            30%        N/A       10%         2
 Sigil of Binding         Hex            15%        N/A       19%         3
 Inner Flame              Hex/Fire       12%        N/A       26%         3
 Cause Fear               Hex            7%         N/A       52%         4
 Dimensional Bullseye     Hex/Tloc       4%         N/A       77%         4


Dungeon Overview and Level Annotations

Branches:
Dungeon (2/15)

Altars:

Shops:
D:1 (*[**

Annotations:
D:2 Natasha


Innate Abilities, Weirdness & Mutations

You are small and have problems with some larger weapons.
You are completely attuned to the shadows.


Message History

You don't know any spells.
Sorry, you're not good enough to have a special ability.
You shoot a sling bullet. The sling bullet hits the adder.
The adder is lightly wounded.
You feel very sick. The adder misses you.
Natasha casts a spell.
The adder barely misses you. The adder closely misses you.
You shoot a sling bullet. The sling bullet hits the adder.
The adder is severely wounded.
You feel sick. The adder bites you.
Natasha mumbles some strange words.
The adder barely misses you.
You shoot a sling bullet. The sling bullet hits the adder.
The adder is almost dead.
You feel sick. The adder bites you but does no damage.
The adder closely misses you.
You shoot a sling bullet. The sling bullet hits the adder!
You kill the adder!
You feel sick.
You are no longer poisoned.
The cerulean imp hits you from afar with a +2 spear.
* * * LOW HITPOINT WARNING * * *
The adder bites you but does no damage.
You have reached level 4!
It was a potion of brilliance.
You feel clever all of a sudden. The adder barely misses you.
The cerulean imp barely misses you. The adder closely misses you.
The cerulean imp hits you from afar with a +2 spear.
* * * LOW HITPOINT WARNING * * *
You shoot a sling bullet. The sling bullet hits the adder.
The adder is moderately wounded.
You feel yourself speed up. The adder closely misses you. The adder bites you.
* * * LOW HITPOINT WARNING * * *
You are lethally poisoned!
The adder poisons you!
The cerulean imp hits you from afar with a +2 spear.
You die...

........# #.#
........# #.#
........# #.# #.#
#.# #.# #.# #.#
#.# #.# #$# #.#
#@########.#
#S#....#...# .#
#5#.#......#
...#h5...###....
.....###.#?#..###
####.# #.###..#
#.. #......#
##..##.... ...


You could see Natasha, 2 cerulean imps and an adder.

Vanquished Creatures
  3 adders (D:2)
  A dart slug (D:1)
  2 endoplasms (D:1)
  2 giant cockroaches
  2 goblins (D:1)
  3 hobgoblins
  A quokka (D:1)
  3 bats (D:1)
  3 frilled lizards
  A kobold (D:1)
  2 rats (D:1)
23 creatures vanquished.

Notes
Turn   | Place    | Note
-------+----------+-------------------------------------------
     0 | D:1      | Arctor the Kobold Hexslinger began the quest for the Orb.
     0 | D:1      | Reached XP level 1. HP: 12/12 MP: 2/2
     2 | D:1      | Noticed a spriggan
     2 | D:1      | Noticed a formicid
     4 | D:1      | Noticed a gargoyle
     6 | D:1      | Noticed a tengu
     6 | D:1      | Noticed a vine stalker
     8 | D:1      | Noticed an oni
     8 | D:1      | Noticed a human
    10 | D:1      | Noticed a demigod
    10 | D:1      | Noticed a vampire
    12 | D:1      | Noticed a merfolk
    12 | D:1      | Noticed an octopode
    14 | D:1      | Noticed a barachi
    16 | D:1      | Noticed a djinni
    18 | D:1      | Noticed a demonspawn
    18 | D:1      | Noticed a troll
    20 | D:1      | Noticed a minotaur
    20 | D:1      | Noticed an elf
    22 | D:1      | Noticed a felid
    24 | D:1      | Noticed a ghoul
    24 | D:1      | Noticed a naga
    26 | D:1      | Noticed a draconian
    26 | D:1      | Noticed an armataur
    48 | D:1      | Found Cizy Ore's Armour Shop.
    51 | D:1      | Found Aguasuo's Assorted Antiques.
   119 | D:1      | Reached XP level 2. HP: 14/16 MP: 3/3
   215 | D:1      | Found Hosus's Assorted Antiques.
   385 | D:1      | Found Tajeapna's General Store.
   433 | D:1      | Found Raoqich's Weapon Shoppe.
   758 | D:2      | Reached XP level 3. HP: 14/20 MP: 5/5
   946 | D:2      | Noticed Natasha
   958 | D:2      | Reached XP level 4. HP: 7/26 MP: 2/6
   959 | D:2      | Slain by a cerulean imp

Illustrated notes

Levels and vault maps discovered:
D:1:      kb_arrival_jail, layout_loops_ring, serial_shops, shop, shop, shop,
          nicolae_shop_tiny_statue_garden, nicolae_shop_crystal
D:2:      layout_basic, item_on_display_a, uniq_natasha

Skill      XL: |  1  2 |
---------------+-------+-----
Ranged Weapons | 3 |  3.3
Fighting       | |  1.8
Dodging        | |  2.9
Spellcasting   | |  1.7
Hexes          | |  3.3
Fire Magic     | |  1.5

Action                     |  1- 3 |  4- 6 || total
---------------------------+-------+-------++-------
   Fire: Sling             |    78 |     1 ||    79
    Use: Potion            |       |     1 ||     1
 Armour: Robe              |    20 |     3 ||    23
  Dodge: Dodged            |    46 |     4 ||    50
